 Dungeon Crawl Stone Soup version 0.18.1-48-g4cf74bf (webtiles) character file.

75 tyranidshit the Skirmisher (level 4, -2/39 HPs)
             Began as a Demonspawn Abyssal Knight on Sept 7, 2016.
             Was a Believer of Lugonu.
             Slain by an adder (3 damage)
             ... on level 2 of the Dungeon.
             The game lasted 00:04:36 (1130 turns).

tyranidshit the Skirmisher (DsAK)                   Turns: 1130, Time: 00:04:37

Health: -2/39      AC:  4    Str: 10 (13) XL:     4   Next: 11%
Magic:  0/5        EV: 11    Int: 10 (13) God:    Lugonu [**....]
Gold:   51         SH:  0    Dex: 12 (13) Spells: 0 memorised, 3 levels left

rFire  . . .     SeeInvis .     a - +2 hand axe
rCold  . . .     Gourm    .     b - +1 leather armour
rNeg   . . .     Faith    .     (no shield)
rPois  .         Spirit   +     (no helmet)
rElec  .         Dismiss  .     (no cloak)
rCorr  .         Reflect  .     (no gloves)
SustAt .         Harm     .     (no boots)
MR     .....                    g - amulet of guardian spirit
Stlth  +.........               (no ring)
                                (no ring)

@: lethally poisoned (-2 -> -4), flying, not resistant to hostile enchantments,
very unstealthy
A: magic shield
a: Depart the Abyss, Bend Space, Renounce Religion


You were on level 2 of the Dungeon.
You worshipped Lugonu.
Lugonu was pleased with you.
You were not hungry.

You visited 1 branch of the dungeon, and saw 2 of its levels.
You visited the Abyss 1 time.

You collected 51 gold pieces.

Inventory:

Hand Weapons
 a - a +2 hand axe (weapon)
 f - a +0 dagger of venom
Missiles
 e - 20 bolts
Armour
 b - a +1 leather armour (worn)
Jewellery
 g - an amulet of guardian spirit (around neck)
Scrolls
 h - 2 scrolls of remove curse
 i - a scroll of identify
 j - 3 scrolls of enchant armour
Potions
 d - 2 potions of degeneration
Comestibles
 c - 2 bread rations
 k - 3 meat rations


   Skills:
 + Level 5.0 Fighting
 - Level 1.7 Axes
 - Level 1.7 Armour
 - Level 0.8 Dodging
 - Level 2.4 Invocations


You had 3 spell levels left.
You didn't know any spells.

Dungeon Overview and Level Annotations

Branches:
Dungeon (2/15)

Altars:
Ashenzari


Innate Abilities, Weirdness & Mutations

When hurt, damage is shared between your health and your magic reserves.


Message History

The adder is lightly wounded.
You feel sick. The adder bites you.
* * * LOW HITPOINT WARNING * * *
You closely miss the adder.
The adder is lightly wounded.
The adder bites you.
* * * LOW HITPOINT WARNING * * *
The adder barely misses you.
You closely miss the adder.
The adder is lightly wounded.
The adder barely misses you.
You hit the adder.
The adder is moderately wounded.
* * * LOW HITPOINT WARNING * * *
You feel sick. The adder bites you but does no damage. The adder bites you.
* * * LOW HITPOINT WARNING * * *
You barely miss the adder.
The adder is moderately wounded.
The adder misses you. The adder bites you.
You die...

### ..#
#####################.#
#...................#.#
#..#...#...#...#...##.#####
#_........@S.....†.........
#.##..#...#...#...#...##.#####
...#...................#..(...
#.############################
#.# #.# # #.# ##.# . #.# #..#
# #.# #..# ##### ####.# ##..#
#....


You could see an adder.

Vanquished Creatures
  Jessica (D:2)
  An adder (D:2)
  2 dart slugs
  2 giant geckos
  2 giant cockroaches
  5 goblins
  5 hobgoblins (D:1)
  2 quokkas (D:2)
  A ball python (D:2)
  2 bats (D:1)
  2 giant newts
  4 kobolds
  4 rats
33 creatures vanquished.

Notes
Turn   | Place    | Note
--------------------------------------------------------------
     0 | Abyss:1  | tyranidshit the Demonspawn Abyssal Knight began the quest for the Orb.
     0 | Abyss:1  | Reached XP level 1. HP: 18/18 MP: 2/2
    74 | D:1      | Escaped the Abyss
   169 | D:1      | Gained mutation: When hurt, damage is shared between your health and your magic reserves. [demonic ancestry]
   169 | D:1      | Reached XP level 2. HP: 12/24 MP: 1/3
   689 | D:2      | Reached skill level 4 in Fighting
   769 | D:2      | Reached ** piety under Lugonu
   859 | D:2      | Noticed Jessica
   902 | D:2      | Killed Jessica
   902 | D:2      | Reached XP level 3. HP: 12/31 MP: 4/4
  1085 | D:2      | Reached skill level 5 in Fighting
  1085 | D:2      | Reached XP level 4. HP: 12/39 MP: 2/5
  1101 | D:2      | Found a shattered altar of Ashenzari.
  1129 | D:2      | HP: 1/39 [adder (2)]
  1130 | D:2      | Slain by an adder

Skill      XL: |  1  2  3 |
---------------+----------+-----
Fighting       | 4 5 |  5.0
Axes           | |  1.7
Armour         | |  1.7
Dodging        | |  0.8
Invocations    | |  2.4

Action                   |  1- 3 |  4- 6 || total
-------------------------+-------+-------++-------
Melee: Hand axe          |   100 |     7 ||   107
  Use: Scroll            |    10 |     1 ||    11
       Potion            |     2 |     2 ||     4
  Eat: Bread ration      |       |     1 ||     1
Armor: Leather armour    |    31 |     5 ||    36
Dodge: Dodged            |    60 |     3 ||    63
